 Dungeon Crawl Stone Soup version 0.29.0-13-gc9e81de378 (webtiles) character file.

Game seed: 1265272665010763503

240 SnakkuSnakku7 the Trooper (level 6, -7/52 HPs)
             Began as a Ghoul Summoner on Sept 10, 2022.
             Mangled by a wight
             ... wielding a +0 battleaxe
              (10 damage)
             ... on level 6 of the Dungeon.
             The game lasted 00:03:13 (3099 turns).

SnakkuSnakku7 the Trooper (Ghoul Summoner)          Turns: 3099, Time: 00:03:14

Health: -7/52      AC:  7    Str: 14    XL:     6   Next: 8%
Magic:  7/7        EV: 10    Int: 10    God:
Gold:   159        SH:  0    Dex:  9    Spells: 8/8 levels left

rFire   . . .      SeeInvis .     - Unarmed
rCold   + . .      Faith    .   (no shield)
rNeg    + + +      Spirit   .   m - +1 ring mail of Proximity {rPois}
rPois   ∞          Reflect  .   (no helmet)
rElec   .          Harm     .   (no cloak)
rCorr   .          Rampage  .   (no gloves)
Will    .....                   g - +0 pair of boots
Stlth   ..........              (no amulet)
HPRegen 0.00/turn               (no ring)
MPRegen 0.10/turn               (no ring)

@: confused, ambrosia-drunk, flying, inhibited regen
A: claws 1, cold resistance 1, negative energy resistance 3, inhibited
regeneration, torment resistance 2, devour on kill
a: no special abilities


You were on level 6 of the Dungeon.
You visited 1 branch of the dungeon, and saw 6 of its levels.

You collected 159 gold pieces.

Inventory:

Armour
 a - a +0 robe
 c - a +0 kite shield
 g - a +0 pair of boots (worn)
 m - the +1 ring mail of Proximity (worn) {rPois}
   (You found it on level 2 of the Dungeon)

   rPois:     It protects you from poison.
Scrolls
 d - 2 scrolls of teleportation {unknown}
 e - a scroll of blinking {unknown}
 f - a scroll of noise {unknown}
 i - 2 scrolls of enchant armour {unknown}
 l - a scroll of fog {unknown}
 p - a scroll of poison {unknown}
 r - a scroll of magic mapping {unknown}
Potions
 b - 2 potions of magic
 j - 2 potions of brilliance
 k - a potion of cancellation
 n - a potion of resistance
 o - a potion of mutation {unknown}
 q - a potion of flight


   Skills:
 + Level 4.3 Fighting
 - Level 1.7 Dodging
 - Level 2.1 Stealth
 + Level 4.3 Unarmed Combat
 - Level 1.7 Spellcasting
 - Level 3.6 Summonings


You had 8 spell levels left.
You didn't know any spells.
Your spell library contained the following spells:

 Spells                   Type           Power      Damage    Failure   Level
 Summon Small Mammal      Summ           32%        N/A       16%         1
 Call Imp                 Summ           8%         N/A       22%         2
 Call Canine Familiar     Summ           8%         N/A       41%         3
 Summon Guardian Golem    Hex/Summ       4%         N/A       67%         3
 Summon Lightning Spire   Summ/Air       4%         N/A       97%         4


Dungeon Overview and Level Annotations

Branches:
Dungeon (7/15)
 Temple: D:4-7

Altars:
Hepliaklqana
Qazlal
Uskayaw

Shops:
D:3 [


Innate Abilities, Weirdness & Mutations

You are immune to poison.
You have sharp fingernails.
Your flesh is cold resistant. (rC+)
You are immune to negative energy. (rN+++)
You do not regenerate when monsters are visible.
You are immune to unholy pain and torment.
You thrive by killing the living.


Message History

Beogh smites you! The orc hits you with a +0 flail.
The orc hits you but does no damage.
You barely miss the orc. The adder bites you but does no damage.
Unknown command.
You scratch the orc but do no damage. The adder bites you but does no damage.
The orc barely misses you. The orc hits you but does no damage.
The wight completely misses you. The adder bites you.
Unknown command.
You scratch the orc.
The orc is severely wounded.
The orc priest calls down the wrath of Beogh upon you.
Beogh smites you!
* * * LOW HITPOINT WARNING * * *
The wight barely misses you. The orc misses you.
The orc hits you but does no damage. The wight closely misses you.
The orc barely misses you. The adder bites you but does no damage.
Unknown command.
It was a potion of ambrosia.
You are more confused.
You feel invigorated.
The orc hits you with a +0 dagger of freezing.
* * * LOW HITPOINT WARNING * * *
The orc misses you. The orc barely misses you. x2
The wight hits you with a +0 battleaxe!
* * * LOW HITPOINT WARNING * * *
The wight hits you from afar with a +5 trident.
* * * LOW HITPOINT WARNING * * *
The adder bites you.
* * * LOW HITPOINT WARNING * * *
Unknown command.
The wight hits you from afar with a +5 trident.
* * * LOW HITPOINT WARNING * * *
The adder bites you but does no damage. The orc misses you.
The wight barely misses you. The adder bites you but does no damage.
The wight hits you from afar with a +5 trident.
* * * LOW HITPOINT WARNING * * *
The orc hits you but does no damage. The orc barely misses you.
The wight hits you with a +0 battleaxe!
You die...

####### #.
##......# #####.
##........
......####....<....
.........oo........
.......oo.@o.......
........oSoz.......
........z.o........
..........#.......P
...................
...>...............
..................P
..................
.................


You could see 2 wights, an orc priest, an adder and 7 orcs.

Vanquished Creatures
  2 scorpions
  A hound (D:7)
  2 adders (D:2)
  A shadow imp (D:3)
  A dart slug (D:2)
  2 orcs (D:3)
  6 ball pythons
  6 endoplasms
  5 goblins
  7 hobgoblins
  2 jackals (D:1)
  3 quokkas
  4 bats
  4 frilled lizards
  9 kobolds
  3 rats
58 creatures vanquished.

Vanquished Creatures (others)
  3 plants (D:3)
3 creatures vanquished.

Grand Total: 61 creatures vanquished

Notes
Turn   | Place    | Note
-------+----------+-------------------------------------------
     0 | D:1      | SnakkuSnakku7 the Ghoul Summoner began the quest for the
                  | Orb.
     0 | D:1      | Reached XP level 1. HP: 14/14 MP: 2/2
   111 | D:1      | Reached skill level 1 in Fighting
   111 | D:1      | Reached skill level 1 in Unarmed Combat
   245 | D:1      | Reached XP level 2. HP: 22/23 MP: 3/3
   706 | D:1      | Reached XP level 3. HP: 29/29 MP: 4/4
   880 | D:2      | Identified the +1 ring mail of Proximity {rPois}
  1489 | D:2      | Reached XP level 4. HP: 36/37 MP: 5/5
  1723 | D:3      | Found a stormy altar of Qazlal.
  1733 | D:3      | Found Dotero's Armour Shoppe.
  1745 | D:3      | Found a hazy altar of Hepliaklqana.
  1948 | D:3      | Noticed a scorpion
  1976 | D:3      | Killed a scorpion
  1977 | D:3      | Reached XP level 5. HP: 25/45 MP: 6/6
  2140 | D:3      | Noticed Terence
  2953 | D:4      | Found a hide-covered altar of Uskayaw.
  2953 | D:4      | Noticed a +0 short sword
  2953 | D:4      | Noticed a +0 falchion
  2953 | D:4      | Noticed a +0 falchion
  2954 | D:4      | Noticed a +0 dagger
  2955 | D:4      | Noticed a +0 spear
  2955 | D:4      | Noticed a +0 short sword
  2955 | D:4      | Noticed a +0 spear
  2957 | D:4      | Noticed a +0 dagger
  2973 | D:4      | You fall into a shaft and drop 3 floors!
  2999 | D:7      | Reached XP level 6. HP: 41/52 MP: 7/7
  3097 | D:6      | HP: 1/52 [adder (2)]
  3099 | D:6      | Mangled by a wight

Illustrated notes

Levels and vault maps discovered:
D:1:      ncdulo_smallfort, layout_rooms
D:2:      layout_basic, basic_altar
D:3:      layout_loops_ring, nicolae_hepliaklqana_hazy_memory,
          nicolae_qazlal_scattered_showers, serial_shops, shop, uniq_terence
D:4:      layout_basic, nicolae_uskayaw_en_pointe,
          hangedman_decor_diamond_cutter, uniq_duvessa
D:6:      cheibrodos_thug_alley, layout_rooms,
          mainiacjoe_overflow_concentric_impassable,
          minmay_temple_entry_overgrown, uniq_maggie
D:7:      layout_basic, grunt_gozag_breadcrumbs, nemelex_dance_club_becter

Skill      XL: |  1  2  3  4  5 |
---------------+----------------+-----
Fighting       | 1 2 3 4 |  4.3
Unarmed Combat | 1 2 3 4 |  4.3
Dodging        | |  1.7
Stealth        | |  2.1
Spellcasting   | |  1.7
Summonings     | |  3.6

Action                   |  1- 3 |  4- 6 || total
-------------------------+-------+-------++-------
Melee: Unarmed           |   149 |   129 ||   278
       Punch             |     2 |     1 ||     3
  Use: Scroll            |       |     4 ||     4
       Potion            |       |     2 ||     2
 Stab: Sleeping          |     3 |       ||     3
Armor: Robe              |    19 |       ||    19
       Ring mail         |    23 |    64 ||    87
Dodge: Dodged            |    82 |    83 ||   165
